Map: Dusk Towers

Players

Tygo - Winner!

  • Race: Terran Terran
  • League: Master

Ice

  • Race: Protoss Protoss
  • League: Master

VOD

Have the link to the VOD?

Description

Time

  • Played on: March 30, 2016, 8:05 p.m.
  • Length: 14:40
Show
View Real Time Build Order
Export as new Build Order

Tygo Terran - Winner!

Build Orders: MMM Bio 

Get SALT Encoding   

  12  0:01  SCV  
  13  0:13  SCV  
  14  0:17  Supply Depot  
  14  0:25  SCV  
  15  0:39  SCV  
  15  0:40  Barracks  
  16  0:45  Refinery  
  16  0:51  SCV  
  18  1:04  SCV  
  18  1:16  SCV  
  19  1:29  Barracks Reactor  
  19  1:30  Orbital Command  
  19  1:41  Command Center  
  19  1:51  Supply Depot  
  19  1:55  SCV  
  20  2:05  Marine x2  
  20  2:07  SCV  
  23  2:16  Factory  
  23  2:19  SCV  
  23  2:21  Refinery  
  24  2:23  Marine  
  24  2:24  Marine  
  26  2:32  SCV  
  27  2:43  Marine x2  
  29  2:45  SCV  
  30  2:53  Orbital Command  
  30  2:57  SCV  
  31  3:01  Marine x2, Starport  
  31  3:04  Widow Mine  
  35  3:09  SCV  
  36  3:18  Marine  
  36  3:19  Marine  
  38  3:22  SCV  
  38  3:25  SCV  
  40  3:32  Widow Mine  
  40  3:34  SCV, Supply Depot  
  43  3:37  SCV  
  43  3:38  Medivac  
  46  3:43  Supply Depot  
  46  3:53  Barracks  
  46  3:55  Barracks  
  46  3:58  SCV x2  
  48  4:06  Factory Tech Lab  
  48  4:07  Marine  
  48  4:08  Starport Tech Lab, Marine  
  50  4:12  SCV x2  
  52  4:26  SCV x2  
  54  4:33  Marine x2  
  56  4:38  SCV  
  56  4:39  SCV, Supply Depot  
  56  4:41  Supply Depot  
  56  4:44  Starport Reactor  
  58  4:47  Stimpack  
  58  4:49  Combat Shields  
  58  4:52  SCV x2  
  60  4:57  Command Center  
  60  5:01  Marine x2  
  62  5:14  SCV x2  
  64  5:26  SCV x2  
  64  5:41  SCV  
  64  5:42  Engineering Bay x2, SCV, Liberator  
  66  5:45  Refinery x2, Barracks x2, Marine x2  
  66  5:47  Marauder x2  
  66  5:48  Liberator  
  72  5:54  SCV x2  
  74  5:57  Supply Depot  
  74  6:00  Supply Depot  
  80  6:17  SCV x2  
  80  6:18  Marine x2  
  84  6:19  Marauder x2  
  84  6:20  Terran Infantry Weapons Level 1  
  88  6:29  SCV  
  88  6:31  SCV  
  88  6:32  Barracks Reactor, Barracks Tech Lab  
  90  6:34  Orbital Command  
  90  6:39  Marine x2  
  92  6:41  SCV  
  92  6:43  SCV  
  92  6:45  Terran Infantry Armor Level 1  
  94  6:48  Marauder x2  
  94  6:53  SCV  
  99  6:55  SCV  
  99  6:59  Medivac x2  
  99  7:00  Marine x2  
  106  7:02  SCV  
  106  7:05  SCV, Supply Depot x2  
  106  7:07  Supply Depot  
  106  7:08  Concussive Shells  
  108  7:11  SCV  
  108  7:12  Armory, Marine  
  108  7:14  SCV  
  111  7:18  SCV  
  110  7:40  Marine  
  110  7:41  Marauder, Marine x2  
  113  7:53  Liberator x2  
  113  7:54  Marine  
  111  7:59  Marine x2  
  111  8:00  Marauder, Marine  
  111  8:01  Marauder  
  115  8:08  Marine  
  115  8:12  Marine  
  119  8:17  SCV x2, Marine x2  
  117  8:21  Ghost Academy, Barracks  
  117  8:22  Barracks  
  117  8:24  Refinery  
  117  8:25  Refinery  
  117  8:26  Marauder x2  
  121  8:27  Starport  
  121  8:35  Factory Reactor  
  121  8:36  SCV x2  
  121  8:39  Marine x4  
  121  8:40  Marauder  
  129  8:48  Marauder  
  131  8:54  Medivac x2  
  135  9:03  Marine x3  
  135  9:04  Marauder, Marine  
  135  9:08  Marauder  
  140  9:11  Starport Reactor  
  140  9:12  Barracks Tech Lab x2  
  140  9:15  Supply Depot  
  140  9:17  Supply Depot  
  140  9:18  Supply Depot x2  
  140  9:19  Terran Infantry Weapons Level 2, Terran Infantry Armor Level 2  
  140  9:20  Ghost  
  140  9:23  SCV  
  140  9:24  SCV, Marine x2  
  144  9:25  Ghost, Marine x2  
  144  9:30  Marauder  
  152  9:32  Medivac x2  
  152  9:33  Supply Depot x2  
  152  9:35  Starport Tech Lab  
  156  9:40  Fusion Core  
  156  9:43  Widow Mine x2  
  160  9:46  SCV x2, Command Center  
  160  9:47  Marine x3  
  160  9:49  Marauder  
  160  9:50  Ghost  
  160  9:51  Ghost  
  171  9:56  Liberator x2  
  177  10:15  Marine x3, Marauder x3  
  177  10:20  Marauder x2  
  190  10:42  Marauder, Marine x4  
  192  10:43  Marauder x3  
  165  10:57  Marauder  
  165  11:00  Marine x4  
  165  11:03  Liberator  
  153  11:04  Marauder x4  
  153  11:09  Medivac x2  
  132  11:18  Marine x4  
  131  11:19  Marauder  
  131  11:25  Marauder x2, Marine  
  143  11:26  Marauder  
  143  11:28  Barracks  
  144  11:35  Marine  
  144  11:36  Marine x3  
  144  11:39  Medivac x2  
  150  11:40  Marauder  
  150  11:43  Marauder  
  150  11:46  Widow Mine x2, Marine x3  
  161  11:52  Terran Infantry Weapons Level 3  
  161  11:53  Marine x3  
  164  11:57  Terran Infantry Armor Level 3  
  164  12:01  Planetary Fortress  
  164  12:05  Ghost  
  166  12:12  Refinery, Marine x2  
  166  12:13  Marine x2  
  166  12:14  Marine x2  
  172  12:21  Medivac x2  
  172  12:22  Widow Mine  
  176  12:24  Barracks Reactor  
  176  12:29  Advanced Ballistics  
  178  12:47  Marine x3  
  178  12:48  Marine  
  182  12:55  Liberator  
  182  12:56  Liberator  
  182  13:09  Marine x4  
  182  13:10  Marine x7  
  198  13:36  Liberator  
  198  13:38  Liberator x2  
  198  13:40  Marauder  
  174  13:54  Marine  
  174  13:55  Marine x6  
  169  14:00  Marauder, Marine x2  
  169  14:01  Marauder  
  171  14:12  Marine x2  
  171  14:13  Marine x3  
  171  14:14  Marauder, Marine  
  171  14:18  Marauder x2  
Show
View Real Time Build Order
Export as new Build Order

Ice Protoss 

Build Orders: 1 Gate Expand, Phoenix Opening 

Get SALT Encoding   

  12  0:01  Probe (Chrono Boost)  
  13  0:12  Probe (Chrono Boost)  
  14  0:21  Pylon  
  14  0:22  Probe (Chrono Boost)  
  15  0:39  Gateway, Probe (Chrono Boost)  
  16  0:49  Probe (Chrono Boost)  
  17  0:58  Assimilator  
  17  1:00  Probe (Chrono Boost)  
  18  1:19  Nexus  
  18  1:23  Probe (Chrono Boost)  
  19  1:31  Cybernetics Core  
  19  1:34  Probe (Chrono Boost)  
  20  1:40  Assimilator  
  20  1:47  Pylon  
  20  1:54  Probe (Chrono Boost)  
  23  2:08  Mothership Core (Chrono Boost)  
  23  2:12  Adept  
  25  2:21  Warp Gate  
  25  2:27  Probe (Chrono Boost)  
  26  2:31  Probe (Chrono Boost)  
  27  2:37  Probe (Chrono Boost)  
  27  2:39  Gateway  
  27  2:41  Probe (Chrono Boost)  
  29  2:44  Adept  
  29  2:48  Probe (Chrono Boost)  
  32  2:52  Probe (Chrono Boost)  
  33  2:59  Stargate, Probe (Chrono Boost)  
  33  3:02  Probe (Chrono Boost)  
  35  3:10  Probe (Chrono Boost)  
  36  3:13  Probe (Chrono Boost)  
  36  3:14  Adept (Chrono Boost)  
  39  3:20  Probe (Chrono Boost)  
  39  3:23  Probe (Chrono Boost)  
  41  3:28  Adept (Chrono Boost)  
  41  3:31  Probe  
  44  3:36  Robotics Facility  
  44  3:37  Probe  
  45  3:41  Pylon  
  45  3:48  Pylon  
  45  3:52  Probe  
  46  3:59  Probe, Phoenix (Chrono Boost)  
  46  4:02  Assimilator  
  49  4:04  Probe  
  50  4:11  Gateway, Probe  
  50  4:16  Probe  
  52  4:23  Assimilator, Probe  
  53  4:25  Pylon  
  53  4:28  Adept, Probe  
  53  4:30  Observer  
  57  4:33  Adept  
  57  4:35  Probe  
  57  4:36  Phoenix (Chrono Boost)  
  62  4:43  Probe  
  63  4:46  Pylon  
  63  4:48  Gateway  
  63  4:51  Gateway  
  63  4:52  Probe  
  64  4:55  Probe  
  65  5:04  Probe  
  66  5:22  Adept x2  
  66  5:24  Phoenix (Chrono Boost)  
  70  5:33  Nexus  
  70  5:44  Adept x3  
  70  5:45  Pylon  
  70  5:46  Phoenix (Chrono Boost)  
  70  5:48  Pylon  
  70  5:49  Pylon  
  78  6:05  Robotics Bay  
  78  6:07  Robotics Facility, Probe x2, Phoenix (Chrono Boost)  
  82  6:17  Forge  
  82  6:18  Adept x2  
  84  6:19  Probe x2  
  84  6:21  Adept  
  84  6:24  Observer  
  91  6:29  Adept  
  91  6:31  Probe x2  
  95  6:34  Phoenix (Chrono Boost)  
  95  6:37  Adept  
  99  6:46  Pylon, Probe x2  
  101  6:47  Pylon  
  101  6:54  Disruptor (Chrono Boost)  
  101  6:55  Disruptor (Chrono Boost)  
  101  7:01  Protoss Ground Weapons Level 1  
  107  7:03  Assimilator  
  107  7:08  Assimilator  
  107  7:10  Probe  
  107  7:11  Twilight Council, Probe x2  
  110  7:18  Adept x2  
  110  7:22  Adept  
  116  7:23  Adept, Probe  
  115  7:47  Adept x5  
  115  8:07  Adept  
  115  8:08  Adept x4  
  116  8:15  Probe  
  116  8:16  Probe x2  
  116  8:19  Disruptor x2 (Chrono Boost)  
  123  8:25  Probe  
  124  8:28  Probe  
  125  8:36  Pylon  
  125  8:37  Pylon  
  125  8:46  Nexus  
  125  8:53  Probe  
  125  8:54  Disruptor (Chrono Boost), Probe, Phoenix  
  136  8:56  Immortal (Chrono Boost)  
  128  9:16  Protoss Ground Weapons Level 2, Pylon  
  128  9:17  Resonating Glaives, Pylon  
  128  9:19  Pylon, Phoenix  
  128  9:21  Adept x4  
  128  9:22  Adept  
  140  9:25  Probe  
  141  9:32  Probe  
  141  9:34  Probe  
  141  9:37  Probe  
  144  9:39  Pylon  
  144  9:45  Pylon  
  144  9:47  Adept, Pylon  
  144  9:48  Fleet Beacon  
  146  9:59  Phoenix  
  148  10:00  Adept x3  
  148  10:03  Adept  
  156  10:08  Adept  
  156  10:12  Probe x3  
  161  10:14  Probe  
  162  10:24  Disruptor x2 (Chrono Boost), Probe  
  162  10:25  Adept  
  143  10:58  Adept x5  
  96  11:16  Disruptor x2 (Chrono Boost), Phoenix  
  98  11:20  Adept x5  
  108  11:41  Phoenix  
  108  11:42  Adept x5  
  108  11:44  Protoss Ground Weapons Level 3  
  124  11:50  Immortal (Chrono Boost)  
  124  11:51  Immortal (Chrono Boost)  
  128  11:58  Assimilator  
  128  12:03  Adept x2  
  128  12:04  Assimilator, Templar Archives, Adept  
  128  12:05  Zealot x2  
  128  12:06  Phoenix  
  140  12:23  Gateway  
  140  12:24  Gateway, Observer x2 (Chrono Boost)  
  140  12:25  Gateway  
  140  12:28  Zealot  
  140  12:29  Adept  
  146  12:30  Adept x3  
  146  12:35  Phoenix  
  154  12:43  Immortal (Chrono Boost)  
  158  13:00  Adept x4  
  158  13:03  Phoenix  
  158  13:05  Immortal (Chrono Boost)  
  172  13:17  Immortal (Chrono Boost)  
  172  13:18  Adept  
  178  13:22  High Templar x2  
  178  13:23  High Templar  
  158  13:37  Archon  
  158  13:40  Stalker x5  
  118  13:56  Adept  
  118  13:57  Adept x2  
  64  14:26  Adept x8  
Tags
 
Add a new tag
Caveats
  • Supply blocks, unpowered buildings, or Contaminate may cause inaccurate times.
  • Supply counts are checked every 10 seconds.